 Dungeon Crawl Stone Soup version 0.21-a0-59-g7b0e191 (webtiles) character file.

134 Ijustatesigmund the Sneak (level 5, -2/36 HPs)
             Began as an Octopode Assassin on June 16, 2017.
             Slain by a goblin
             ... wielding a +0 dagger
             ... led by Robin
              (4 damage)
             ... on level 3 of the Dungeon.
             The game lasted 00:07:29 (2330 turns).

Ijustatesigmund the Sneak (Octopode Assassin)       Turns: 2330, Time: 00:07:30

Health: -2/36      AC:  1    Str: 10 (11) XL:     5   Next: 17%
Magic:  5/5        EV: 13    Int: 10 (13) God:
Gold:   119        SH:  0    Dex: 13 (14) Spells: 4/4 levels left

rFire    . . .     SeeInvis .   a - +2 dagger
rCold    . . .     Gourm    .   (no shield)
rNeg     . . .     Faith    .   (helmet restricted)
rPois    .         Spirit   .   (no amulet)
rElec    .         Reflect  .   h - -2 ring of slaying (curse)
rCorr    .         Harm     .   j - ring of protection from magic
MR       +....                  (no ring)
Stlth    ++++......             (no ring)
HPRegen  0.12/turn              (no ring)
MPRegen  0.09/turn              (no ring)
                                (no ring)
                                (no ring)

@: no status effects
A: almost no armour, stealthy swim, amphibious, 8 rings, constrict 8, camouflage
1, gelatinous body 1
a: no special abilities


You were on level 3 of the Dungeon.
You were not hungry.

You visited 1 branch of the dungeon, and saw 3 of its levels.

You collected 119 gold pieces.

Inventory:

Hand Weapons
 a - a +2 dagger (weapon)
 b - a +0 blowgun
 l - a +0 dagger of holy wrath
Missiles
 c - 33 poisoned needles
 d - 2 curare-tipped needles
 o - 5 needles of sleeping
Armour
 i - a +0 buckler
Jewellery
 h - a cursed -2 ring of slaying (left tentacle)
 j - a ring of protection from magic (right tentacle)
Wands
 k - a wand of flame (27/48)
Scrolls
 e - a scroll of enchant armour {unknown}
 q - a scroll of teleportation
Potions
 p - a potion of brilliance
Comestibles
 f - a bread ration
 g - 2 royal jellies


   Skills:
 + Level 3.3 Fighting
 + Level 3.2 Short Blades
 - Level 2.0 Throwing
 + Level 1.1 Dodging
 - Level 6.7 Stealth


You had 4 spell levels left.
You didn't know any spells.

Dungeon Overview and Level Annotations

Branches:
Dungeon (3/15)

Altars:
Ashenzari
Nemelex Xobeh
Xom

Annotations:
D:3 Robin


Innate Abilities, Weirdness & Mutations

You cannot wear most types of armour.
You are very stealthy in the water. (Stealth+)
You are amphibious.
You can wear up to eight rings at the same time.
You can use your tentacles to constrict eight enemies at once.
Your skin changes colour to match your surroundings (Stealth+).
Your rubbery body absorbs attacks. (AC +1, EV +1)


Message History

The goblin hits you with a dagger.
* * * LOW HITPOINT WARNING * * *
It was a potion of curing.
You feel better. The bat barely misses you. The goblin hits you.
* * * LOW HITPOINT WARNING * * *
Sorry, you're not good enough to have a special ability.
It was a potion of degeneration.
There was something very wrong with that liquid.
You feel weakened.
You feel dopey.
You feel clumsy. The bat closely misses you. The goblin hits you with a dagger.
* * * LOW HITPOINT WARNING * * *
The bat hits you but does no damage. The goblin closely misses you.
Robin throws the goblin at you! The goblin barely misses you.
The hobgoblin barely misses you. The bat barely misses you.
The goblin hits you with a dagger.
* * * LOW HITPOINT WARNING * * *
Robin says, "Bow before me, strongest of all the hobgoblins!"
Robin throws the goblin at you! The goblin misses you.
The goblin hits you with a dagger.
You die...

#. #.## ###.##<....##.##.
#.#.#. #.#...#.###.... #
..... #.......# #.##.
#.##.#.## ###...### #....
#.......# #...### ####.
#.#.<##### #...##.## #.
#.....g..###...#...####.
#.>#.?).#b..............#..
#....o..gg@....<..........#
......g).ggg...............
#.......##..#.#...#...##.#.
#.###.......#.#...#..###.#.
.. #......##.#...#.## #.#.
#.#######....... ##.#. ..
#.#...#. #.... ### ......#
#.... #.##.


You could see Robin, an orc wizard, a hobgoblin, 5 goblins and a bat.

Vanquished Creatures
  Jessica (D:2)
  Terence (D:2)
  2 adders (D:2)
  A worm (D:2)
  A dart slug (D:2)
  A leopard gecko (D:2)
  10 bats
  3 giant cockroaches
  11 goblins
  6 hobgoblins
  4 jackals (D:1)
  4 kobolds
  A quokka (D:2)
  5 frilled lizards (D:1)
  7 rats
58 creatures vanquished.

Vanquished Creatures (others)
  A giant cockroach (D:2)
1 creature vanquished.

Grand Total: 59 creatures vanquished

Notes
Turn   | Place    | Note
-------+----------+-------------------------------------------
     0 | D:1      | Ijustatesigmund the Octopode Assassin began the quest for the Orb.
     0 | D:1      | Reached XP level 1. HP: 14/14 MP: 1/1
   121 | D:1      | Reached XP level 2. HP: 11/19 MP: 2/2
  1007 | D:1      | Found a shimmering altar of Xom.
  1215 | D:1      | Reached XP level 3. HP: 24/25 MP: 3/3
  1358 | D:2      | Noticed Terence
  1365 | D:2      | Killed Terence
  1365 | D:2      | Reached skill level 6 in Stealth
  1365 | D:2      | Reached XP level 4. HP: 30/30 MP: 4/4
  1475 | D:2      | Noticed Jessica
  1479 | D:2      | Killed Jessica
  1658 | D:2      | Found a sparkling altar of Nemelex Xobeh.
  1721 | D:2      | Reached XP level 5. HP: 36/36 MP: 5/5
  1780 | D:3      | Noticed Robin
  2253 | D:3      | Found a shattered altar of Ashenzari.
  2330 | D:3      | Slain by a goblin

Vault maps used:
D:1:      denvon_arrival_planthouse, xom_teletrap_fun
D:2:      nemelex_altar_shiori, uniq_jessica, uniq_terence
D:3:      marbit_many_paths, gammafunk_temple_overflow_wave, minivault_24,
          uniq_robin

Skill      XL: |  1  2  3  4 |
---------------+-------------+-----
Stealth        | 6 |  6.7
Fighting       | 3 |  3.3
Short Blades   | 3 |  3.2
Throwing       | |  2.0
Dodging        | |  1.1

Action                   |  1- 3 |  4- 6 || total
-------------------------+-------+-------++-------
Melee: Dagger            |    59 |    53 ||   112
       Constrict         |    15 |    15 ||    30
       Tentacles         |     8 |    13 ||    21
  Use: Scroll            |     2 |       ||     2
       Potion            |     1 |     2 ||     3
 Stab: Sleeping          |     8 |    13 ||    21
  Eat: Chunk             |     1 |     3 ||     4
Armor: Skin              |     7 |     6 ||    13
Dodge: Dodged            |    36 |    32 ||    68
